Map: King's Cove LE

Players

Creator - Winner!

  • Race: Protoss Protoss
  • Spawn Location: 5:00

Reynor

  • Race: Zerg Zerg
  • Spawn Location: 11:00

Event: IEM Season 13: Katowice (2019)

VOD

Have the link to the VOD?

Description

Time

  • Played on: Feb. 26, 2019, 7:54 a.m.
  • Length: 12:45

All games in this series

Show
View Real Time Build Order
Export as new Build Order

Creator Protoss - Winner!

Build Orders: 1 Gate Expand, Oracle Opening, Phoenix Opening, Archon Immortal 

Get SALT Encoding   

  12  0:00  Probe  
  13  0:12  Probe  
  14  0:19  Pylon  
  14  0:24  Probe  
  15  0:33  Probe  
  15  0:40  Gateway  
  15  0:41  Probe  
  16  0:48  Assimilator  
  17  0:51  Probe  
  18  1:03  Probe  
  19  1:15  Probe  
  20  1:27  Nexus  
  20  1:38  Cybernetics Core  
  20  1:40  Probe  
  20  1:46  Assimilator  
  21  1:52  Probe  
  22  1:57  Pylon  
  22  2:05  Adept, Probe  
  25  2:17  Probe  
  25  2:20  Stargate  
  26  2:27  Warp Gate  
  26  2:29  Probe  
  27  2:34  Adept  
  27  2:35  Probe  
  29  2:37  Probe  
  29  2:43  Probe  
  31  2:45  Probe  
  33  2:53  Probe, Oracle  
  34  2:58  Probe  
  34  3:05  Probe  
  39  3:10  Probe  
  39  3:11  Adept  
  42  3:17  Probe  
  43  3:22  Probe, Pylon  
  43  3:26  Gateway  
  42  3:30  Phoenix  
  42  3:31  Probe  
  43  3:34  Probe  
  46  3:41  Assimilator  
  46  3:43  Assimilator  
  46  3:45  Probe  
  46  3:47  Probe  
  48  3:52  Robotics Facility  
  48  3:57  Probe  
  48  3:59  Probe  
  50  4:09  Twilight Council, Probe  
  51  4:10  Pylon  
  51  4:11  Probe  
  51  4:12  Pylon  
  52  4:21  Probe  
  52  4:23  Probe  
  54  4:24  Gateway  
  54  4:27  Gateway  
  54  4:37  Charge  
  54  4:38  Probe  
  54  4:39  Warp Prism, Probe  
  58  4:47  Templar Archives  
  58  4:49  Zealot  
  60  4:54  Zealot  
  62  5:00  Gateway  
  62  5:02  Gateway  
  62  5:13  Pylon  
  62  5:21  Nexus  
  62  5:22  Pylon  
  62  5:28  Pylon  
  62  5:30  Probe x2  
  62  5:34  Zealot  
  62  5:35  Zealot  
  68  5:42  Probe x2  
  70  5:44  High Templar x2  
  70  5:48  Archon  
  74  5:53  Pylon, Probe x2  
  76  6:01  Probe x2, Shield Battery  
  76  6:02  Assimilator  
  76  6:05  Assimilator  
  76  6:09  Probe x2  
  76  6:10  Immortal, Forge  
  78  6:14  Sentry x2  
  84  6:20  Probe  
  84  6:22  Probe  
  90  6:26  Protoss Ground Weapons Level 1  
  90  6:30  Robotics Facility  
  90  6:36  Probe x3  
  90  6:37  High Templar x2  
  97  6:44  Archon  
  97  6:49  Immortal  
  97  6:52  Probe x3  
  97  6:53  Psionic Storm  
  104  7:05  Probe  
  104  7:06  Probe x2  
  107  7:10  Pylon  
  107  7:17  Immortal  
  107  7:22  Zealot, High Templar x2  
  117  7:27  Pylon  
  117  7:28  Pylon  
  117  7:29  High Templar x2  
  121  7:30  Pylon  
  121  7:37  Gateway  
  121  7:38  Immortal, Gateway  
  121  7:40  Gateway  
  125  7:53  Photon Cannon  
  125  7:55  Zealot x2, Pylon, High Templar x2  
  125  7:57  Immortal  
  137  8:13  Phoenix  
  137  8:17  Immortal  
  143  8:20  Photon Cannon  
  143  8:23  Photon Cannon  
  143  8:25  Pylon  
  143  8:26  Stalker x2  
  147  8:29  Shield Battery  
  147  8:31  Stargate  
  147  8:37  Phoenix  
  139  8:58  Immortal, Protoss Ground Weapons Level 2  
  139  9:02  Phoenix  
  139  9:05  Probe x3  
  142  9:20  Immortal  
  142  9:23  Pylon  
  146  9:25  Phoenix  
  146  9:28  Dark Shrine, Shield Battery  
  148  9:32  Zealot x2  
  148  9:33  Zealot  
  146  9:43  Stalker x3  
  145  9:46  Probe x3  
  141  9:54  Probe x3  
  143  10:04  Probe x3  
  143  10:05  High Templar x3  
  152  10:08  Immortal, Observer  
  152  10:09  High Templar, Archon  
  154  10:16  Probe x3  
  154  10:20  Archon  
  162  10:25  Pylon  
  162  10:27  Pylon  
  162  10:28  Probe  
  163  10:41  Immortal  
  165  10:49  Photon Cannon  
  165  10:51  Shield Battery  
  165  10:52  Photon Cannon  
  165  11:05  Dark Templar x4  
  165  11:09  Dark Templar  
  175  11:12  Archon x2  
  175  11:16  Zealot x4  
  157  11:38  Dark Templar x3  
  156  11:40  Zealot  
  156  11:41  Zealot x4  
  166  11:51  Observer  
  163  11:55  Archon  
  163  11:58  Dark Templar  
  162  12:01  Observer  
  162  12:06  Zealot x5  
  150  12:20  Zealot x3  
Show
View Real Time Build Order
Export as new Build Order

Reynor Zerg 

Build Orders: Hatch First, Lurkers 

Get SALT Encoding   

  12  0:00  Drone  
  13  0:12  Overlord  
  13  0:17  Drone  
  14  0:30  Drone x2  
  16  0:49  Hatchery  
  15  0:52  Drone  
  15  0:56  Drone  
  17  0:59  Drone  
  18  1:10  Extractor  
  17  1:16  Spawning Pool  
  16  1:20  Drone  
  16  1:23  Drone  
  18  1:28  Drone  
  19  1:39  Drone  
  20  1:50  Overlord  
  20  2:03  Zergling x4  
  20  2:04  Queen  
  20  2:05  Queen  
  26  2:11  Drone  
  26  2:12  Drone  
  28  2:20  Metabolic Boost  
  28  2:22  Drone  
  29  2:25  Drone  
  30  2:44  Hatchery  
  29  2:47  Zergling x4  
  31  2:52  Overlord  
  31  2:54  Drone  
  31  2:57  Drone  
  33  2:59  Drone  
  33  3:04  Drone  
  36  3:05  Drone  
  36  3:12  Spore Crawler  
  35  3:15  Drone x2  
  35  3:18  Drone, Spore Crawler  
  37  3:20  Drone  
  37  3:23  Drone  
  39  3:27  Overlord  
  39  3:31  Drone  
  39  3:32  Drone  
  41  3:34  Queen  
  41  3:38  Spore Crawler  
  41  3:41  Spore Crawler  
  41  3:43  Drone  
  41  3:44  Drone  
  41  3:46  Drone  
  45  3:48  Drone  
  45  3:53  Queen  
  47  3:56  Drone  
  47  4:03  Drone  
  47  4:05  Drone x3  
  47  4:07  Drone x2  
  47  4:09  Drone  
  51  4:12  Drone  
  52  4:17  Overlord  
  52  4:18  Overlord  
  52  4:23  Lair  
  52  4:29  Spore Crawler  
  51  4:31  Spore Crawler  
  51  4:36  Drone x4  
  51  4:38  Drone  
  54  4:40  Drone x3  
  56  4:46  Roach Warren  
  56  4:47  Extractor  
  56  4:48  Drone  
  56  4:49  Extractor, Drone  
  56  4:51  Drone  
  56  4:54  Drone x2  
  56  4:57  Drone  
  56  4:58  Drone  
  60  5:02  Drone x2  
  60  5:03  Drone  
  60  5:06  Overlord  
  63  5:14  Overlord  
  63  5:23  Overlord  
  63  5:26  Roach x5  
  73  5:30  Glial Reconstitution  
  73  5:31  Overlord  
  73  5:34  Roach x3  
  79  5:36  Drone x2  
  79  5:41  Extractor, Overlord  
  79  5:42  Drone x2  
  82  5:44  Roach  
  82  5:46  Drone  
  82  5:47  Drone  
  82  5:48  Zergling x2  
  87  5:51  Roach x2  
  87  5:56  Overlord  
  91  5:57  Drone x2  
  91  5:58  Drone  
  91  6:02  Roach x2  
  98  6:07  Overlord  
  98  6:20  Roach x6  
  98  6:21  Roach x2  
  113  6:26  Overlord  
  113  6:27  Drone x4  
  113  6:30  Drone x3  
  113  6:32  Extractor  
  119  6:34  Extractor, Drone  
  119  6:35  Drone  
  119  6:37  Drone  
  121  6:41  Spire  
  121  6:42  Drone  
  121  6:45  Drone  
  122  6:47  Drone  
  122  6:53  Evolution Chamber  
  122  6:56  Hatchery  
  122  6:57  Queen  
  121  7:03  Drone x3  
  123  7:09  Overlord  
  123  7:17  Overlord  
  122  7:34  Overlord x2  
  122  7:35  Overlord x2  
  120  7:52  Mutalisk x7  
  120  7:53  Mutalisk x5  
  120  7:56  Roach x2  
  120  7:57  Roach, Zergling x4  
  152  8:02  Roach  
  152  8:04  Roach  
  152  8:05  Roach  
  158  8:06  Roach x2  
  158  8:07  Roach  
  158  8:11  Roach x3  
  170  8:14  Roach  
  170  8:17  Roach x3  
  177  8:20  Roach  
  177  8:22  Roach x2  
  177  8:24  Overlord  
  177  8:25  Overlord  
  183  8:28  Overlord x2  
  183  8:32  Zerg Missile Weapons Level 1  
  183  8:37  Overlord  
  183  8:47  Roach x9  
  195  9:06  Drone x10  
  197  9:28  Extractor  
  197  9:30  Hydralisk Den  
  163  9:58  Hydralisk  
  163  9:59  Hydralisk x19  
  181  10:00  Lurker Den  
  181  10:03  Drone  
  181  10:04  Muscular Augments  
  195  10:11  Hydralisk x3  
  195  10:13  Drone  
  200  10:15  Extractor  
  200  10:20  Hydralisk  
  199  10:22  Overlord  
  197  10:31  Hydralisk  
  194  10:45  Infestation Pit  
  189  11:09  Zergling x6  
  189  11:10  Zergling x18  
  199  11:18  Spine Crawler x2  
  193  11:19  Spine Crawler  
  193  11:20  Spine Crawler x2  
  185  11:28  Lurker x7  
  185  11:29  Lurker x2  
  185  11:30  Hydralisk x4  
  185  11:31  Hydralisk x3  
  196  11:33  Zergling x10  
  196  11:36  Hydralisk x2  
  196  11:37  Zergling x4  
  176  11:40  Hydralisk x2, Zergling x4  
  179  11:51  Hydralisk x5  
  179  11:52  Zergling x6  
  179  11:53  Zergling x4  
  176  11:57  Hydralisk  
  176  11:58  Zergling x2  
  176  12:00  Hydralisk  
  166  12:05  Hydralisk x2, Zergling x6  
  143  12:15  Zergling x2  

Tags
 
Add a new tag
Caveats
  • Supply blocks, unpowered buildings, or Contaminate may cause inaccurate times.
  • Supply counts are checked every 10 seconds.